 Dungeon Crawl Stone Soup version 0.22-a0-609-gfedc9ff (webtiles) character file.

190277 XomIsMyDaddy the Markscentaur (level 17, -29/158 HPs)
             Began as a Centaur Chaos Knight on July 10, 2018.
             Annihilated by an alligator (35 damage)
             ... on level 1 of the Swamp.
             The game lasted 01:13:08 (28696 turns).

XomIsMyDaddy the Markscentaur (CeCK)               Turns: 28696, Time: 01:13:08

Health: -29/158    AC: 34    Str: 21    XL:     17   Next: 97%
Magic:  23/23      EV:  8    Int: 18    God:    Xom [...*..]
Gold:   2003       SH:  7    Dex: 10    Spells: 15/24 levels left

rFire    . . .     SeeInvis +   a - +0 spear (chaos)
rCold    + + +     Gourm    .   (no shield)
rNeg     + + +     Faith    .   o - +7 chain mail "Dabaung" {Int+2 SInv}
rPois    +         Spirit   .   X - +0 hat
rElec    +         Reflect  +   I - scarf {repulsion}
rCorr    .         Harm     .   V - +2 pair of gloves {Str+3}
MR       ++...                  K - +4 centaur barding of Ibbeppus {Slay+4}
Stlth    ..........             f - amulet of Lomuwok {Reflect Fragile rN+++ Str+4 SH+3}
HPRegen  0.36/turn              L - ring of poison resistance
MPRegen  0.18/turn              W - ring of Amust {rC+ MR+ Int+2}

@: repel missiles, very quick
A: large, antennae 1, hooves 3, large bone plates 1, thin metallic scales 1,
yellow scales 1, blink, blurry vision 1, cold resistance 2, deformed body, dopey
1, speed 2, electricity resistance, tough skin 3, weak 1, MP-powered wands
a: Blink, Renounce Religion


You were on level 1 of the Swamp.
You worshipped Xom.
You were a favourite toy of Xom.
You were not hungry.

You visited 4 branches of the dungeon, and saw 24 of its levels.
You also visited: Bailey.

You collected 2979 gold pieces.
You spent 976 gold pieces at shops.

Inventory:

Hand Weapons
 a - a +0 spear of chaos (weapon)
 b - the +1 longbow of Nazuk {speed, MR+ Str+3 Int+4 SInv}
   (You acquired it on level 6 of the Lair of Beasts)

   Attacks with this weapon are significantly faster.
   It affects your strength (+3).
   It affects your intelligence (+4).
   It affects your resistance to hostile enchantments.
   It lets you see invisible.
Missiles
 v - 343 arrows
Armour
 o - the +7 chain mail "Dabaung" (worn) {Int+2 SInv}
   (Xom gifted it to you on level 4 of the Dungeon)

   It affects your intelligence (+2).
   It lets you see invisible.
 I - a scarf of repulsion (worn)
 K - the +4 centaur barding of Ibbeppus (worn) {Slay+4}
   (Xom gifted it to you on level 1 of the Lair of Beasts)

   It affects your accuracy and damage with ranged weapons and melee attacks
   (+4).
 V - a +2 pair of gloves of strength (worn)
 X - a +0 hat (worn)
Jewellery
 f - the amulet of Lomuwok (around neck) {Reflect Fragile rN+++ Str+4 SH+3}
   (You found it on level 6 of the Dungeon)

   [amulet of reflection]

   It shields you and reflects attacks.
   It affects your strength (+4).
   It renders you almost immune to negative energy.
   It will be destroyed if unequipped.
   It affects your SH (+3).
 u - an uncursed ring of protection from fire
 L - a ring of poison resistance (left hand)
 W - the ring of Amust (right hand) {rC+ MR+ Int+2}
   (You found it on level 6 of the Lair of Beasts)

   [ring of protection from magic]

   It affects your intelligence (+2).
   It protects you from cold.
   It affects your resistance to hostile enchantments.
Wands
 d - a wand of acid (23)
 s - a wand of polymorph (37)
 t - a wand of enslavement (20)
 y - a wand of clouds (15)
 R - a wand of flame (34)
 U - a wand of disintegration (18)
Scrolls
 e - a scroll of vulnerability
 g - 6 scrolls of magic mapping
 h - 12 scrolls of remove curse
 i - 4 scrolls of immolation
 w - 2 scrolls of enchant armour
 A - 5 scrolls of blinking
 C - 6 scrolls of teleportation
 F - 2 scrolls of enchant weapon
 H - a scroll of fog
 N - 2 scrolls of amnesia
 S - 2 scrolls of fear
Potions
 j - 5 potions of curing
 k - 3 potions of magic
 l - a potion of ambrosia
 n - 4 potions of flight
 p - 2 potions of cancellation
 q - 4 potions of resistance
 r - 2 potions of berserk rage
 B - 3 potions of mutation
 E - a potion of haste
 G - 3 potions of brilliance
 J - a potion of heal wounds
 P - a potion of lignification
 Z - 2 potions of might
Miscellaneous
 x - a lightning rod (1/4)
 D - a lamp of fire (inert)
 M - 2 sacks of spiders
 O - a phial of floods (inert)
 Q - a phantom mirror
 T - a fan of gales (inert)
Comestibles
 c - 52 rations


   Skills:
 - Level 16.2 Fighting
 - Level 2.8 Polearms
 + Level 17.1 Bows
 - Level 9.1 Armour
 - Level 10.7 Dodging
 - Level 4.2 Spellcasting
 + Level 8.2 Charms
 + Level 3.9 Necromancy


You had 15 spell levels left.
You knew the following spells:

 Your Spells              Type           Power        Failure   Level  Hunger
a - Passwall              Tmut/Erth      #.......     83%         2    ##.....
b - Apportation           Tloc           #.....       69%         1    None
c - Summon Butterflies    Summ           #.......     69%         1    None
d - Regeneration          Chrm/Necr      ####......   24%         3    ###....
e - Song of Slaying       Chrm           ####....     4%          2    ##.....

Your spell library contained the following spells:

 Spells                   Type           Power        Failure   Level  Hunger
 Invisibility             Hex            #.......     100%        6    #######
 Throw Frost              Conj/Ice       #.....       83%         2    ##.....
 Freeze                   Ice            #...         69%         1    None
 Summon Ice Beast         Ice/Summ       #.......     100%        4    ####...
 Ozocubu's Armour         Chrm/Ice       ###.....     47%         3    ###....
 Tukima's Dance           Hex            #.......     96%         3    ###....
 Stone Arrow              Conj/Erth      #.....       96%         3    ###....
 Throw Icicle             Conj/Ice       #.......     100%        4    ####...
 Alistair's Intoxication  Tmut/Pois      #.......     100%        5    ######.
 Lee's Rapid Deconstruct  Erth           #.........   100%        5    ######.
 Sandblast                Erth           #.....       69%         1    None
 Petrify                  Tmut/Erth      #.......     100%        4    ####...
 Shroud of Golubria       Chrm/Tloc      ###.......   26%         2    ##.....
 Infusion                 Chrm           ####         3%          1    None
 Spectral Weapon          Hex/Chrm       ###.....     47%         3    ###....
 Lesser Beckoning         Tloc           #.........   96%         3    ###....


Dungeon Overview and Level Annotations

Branches:
Dungeon (15/15)            Temple (0/1) D:4            Lair (6/6) D:8
  Swamp (1/4) Lair:2        Snake (0/4) Lair:3        Slime (0/5) Lair:5
    Orc (2/2) D:9             Elf (0/3) Orc:2        Vaults (0/5) D:13
 Depths (0/5) D:15

Altars:
Ashenzari
Cheibriados
Fedhas
Makhleb
Okawaru
Qazlal
Ru
Sif Muna
Trog
Uskayaw
Vehumet
Wu Jian
Xom
Yredelemnul
The Shining One
Jiyva

Shops:
D:6 :   D:11 *   D:13 [   Orc:1 [   Orc:2 !(!}

Portals:
Pandemonium: Orc:2

Annotations:
Lair:6 3 runed doors, Verendum's ghost, journeyman GnWn
Orc:2 2 exclusions


Innate Abilities, Weirdness & Mutations

You have hooves in place of feet.
Armour fits poorly on your strangely shaped body.
You cover ground very quickly.
You have extremely tough skin. (AC +3)
You have a pair of small antennae on your head.
You are partially covered in large bone plates. (SH +4)
You are partially covered in thin metallic scales. (AC +2)
You are partially covered in yellow scales. (AC +2)
You can translocate small distances at will.
Scrolls take you a little longer to read.
Your flesh is very cold resistant. (rC++)
You are dopey. (Int -2)
You are resistant to electric shocks. (rElec)
You are weak. (Str -2)
You expend magic power (3 MP) to strengthen your wands.


Message History

You hit the alligator.
Lightning courses through the alligator!
Your kick misses the alligator.
The alligator is almost dead.
You block the alligator's attack. The alligator tail-slaps you.
You barely miss the alligator. Your kick misses the alligator.
The alligator is almost dead.
You block the alligator's attack. The alligator tail-slaps you!
The alligator bites you!!
* * * LOW HITPOINT WARNING * * *
The alligator closely misses you.
You are too injured to fight recklessly!
You hit the alligator but do no damage.
The alligator shivers with cold.
You kick the alligator, but do no damage.
The alligator is almost dead.
The alligator bites you!!
* * * LOW HITPOINT WARNING * * *
The alligator barely misses you. The alligator bites you!!
You die...
Xom howls with laughter!

...######....≈....≈
≈......#..#.....≈≈≈[
♣♣..#.........§..≈≈≈w
♣♣...#...#..#..≈.≈.≈≈.
♣....##.#####...≈♣≈.≈≈
♣♣≈...#.... #...♣♣♣.≈≈
♣.....#..# #..♣ .≈≈≈
♣.....#.###+##..♣ ≈≈≈.
♣≈..t@........♣ ....≈
♣..≈..........≈♣♣♣.≈≈.≈
≈≈.≈≈≈.≈≈..≈..≈.≈.≈≈≈..♣
.≈..≈≈≈≈≈.≈.§♣≈≈.≈♣≈.♣♣
$♣♣≈..≈≈§≈.♣♣♣♣♣..♣♣♣♣
♣≈♣≈....♣♣ ♣>...♣♣♣
♣≈≈≈≈.≈≈♣ ♣≈.≈..≈♣♣
♣♣.≈≈.≈≈♣♣♣♣♣♣♣....♣♣≈
.≈♣♣.≈≈≈≈≈≈≈.♣♣♣≈


You could see an alligator (berserk).

Vanquished Creatures
  Rupert (Orc:2)
  Frances (D:13)
  A ghost moth (Lair:5)
  An orc warlord (Bailey)
  Nessos (D:12)
  2 fire dragons
  Snorg (Lair:4)
  Josephine (Lair:6)
  Erolcha (Orc:2)
  3 ice dragons
  6 hydras
  A centaur warrior (D:15)
  A ghost crab (Swamp:1)
  6 death yaks
  2 dancing weapons (D:13)
  An alligator (Swamp:1)
  A queen ant (shapeshifter) (Lair:6)
  3 two-headed ogres
  A deep troll shaman (Lair:6)
  8 orc high priests (Orc:2)
  A tengu warrior (D:15)
  2 sixfirhies (Orc:2)
  A gelid demonspawn (Orc:2)
  A shambling mangrove (Swamp:1)
  Pikel (D:6)
  A wolf spider zombie (D:14)
  A lindwurm (Lair:6)
  11 orc knights
  6 ugly things
  4 orc sorcerers
  2 manticores
  3 deep elf magi
  12 elephants (Lair:6)
  4 black mambas
  A rust devil (Orc:2)
  A centaur zombie (D:11)
  A torpor snail (Lair:4)
  5 gargoyles
  9 spiny frogs
  8 yaktaurs (D:15)
  A tengu conjurer (D:14)
  3 rime drakes
  A hellwing (Orc:2)
  6 komodo dragons
  An efreet (D:15)
  3 kobold demonologists
  An ice devil (Orc:2)
  4 trolls
  2 polar bears (Lair:6)
  A jumping spider (D:10)
  5 hornets
  A hornet (shapeshifter) (Lair:5)
  A bog body (Swamp:1)
  3 tyrant leeches
  A meliai zombie (D:14)
  14 blink frogs
  3 slime creatures (D:14)
  8 hippogriffs
  4 shadows
  A spriggan (Lair:3)
  7 wyverns
  5 wraiths
  49 yaks
  2 basilisks (D:8)
  A steam dragon (D:11)
  2 vampire mosquitoes (Swamp:1)
  A hungry ghost (D:13)
  10 wargs
  5 insubstantial wisps (Swamp:1)
  2 nagas
  A swamp worm (Lair:2)
  3 soldier ants (D:10)
  3 acid dragons
  10 porcupines
  16 water moccasins
  3 slaves (D:6)
  3 swamp drakes
  58 orc warriors
  2 eyes of draining
  7 ice beasts
  3 sky beasts
  6 ogres
  4 black bears
  A boggart (D:7)
  16 wolves
  10 centaurs
  11 crocodiles
  2 necrophages
  5 big kobolds
  16 bullfrogs
  A wyvern zombie (D:10)
  A gnoll sergeant (D:11)
  A water moccasin skeleton (D:9)
  Dowan (D:5)
  6 scorpions
  10 howler monkeys
  7 wights
  4 electric eels
  8 crimson imps
  3 bullfrog zombies
  6 hounds
  4 jellies
  13 orc wizards
  A bullfrog skeleton (D:6)
  26 orc priests
  3 centaur skeletons
  An iguana (shapeshifter) (D:8)
  5 iguanas
  9 worker ants
  2 hound zombies
  A hound skeleton (D:4)
  13 adders
  19 gnolls
  4 shadow imps
  An ooze (D:6)
  3 adder skeletons
  3 worms
  A dart slug (D:1)
  14 leopard geckos
  124 orcs
  2 ball pythons
  9 bats
  7 giant cockroaches
  28 goblins
  21 hobgoblins
  8 jackals
  18 kobolds
  4 quokkas
  3 frilled lizards
  A leopard gecko skeleton (D:4)
  8 rats
  A fungus (D:6)
851 creatures vanquished.

Vanquished Creatures (collateral kills)
  2 two-headed ogres
  7 wargs (D:7)
  A swamp worm (Swamp:1)
  3 orc warriors
  A sky beast (D:9)
  A bullfrog (D:7)
  2 wights (D:9)
  A bullfrog skeleton (D:7)
  2 orc wizards
  An adder zombie (D:7)
  19 orcs
  A hobgoblin (Bailey)
41 creatures vanquished.

Vanquished Creatures (others)
  An elephant (Lair:6)
  A tyrant leech (Swamp:1)
  3 hornets (Swamp:1)
  2 yaks (Lair:6)
  A chaos spawn (Orc:2)
  A slave (D:6)
  A centaur (D:12)
  3 orcs
  A goblin (D:2)
  A quokka skeleton (D:8)
  7 fungi
  8 plants
30 creatures vanquished.

Grand Total: 922 creatures vanquished

Notes
Turn   | Place    | Note
-------+----------+-------------------------------------------
     0 | D:1      | XomIsMyDaddy the Centaur Chaos Knight began the quest for the Orb.
     0 | D:1      | Reached XP level 1. HP: 19/19 MP: 1/1
   157 | D:1      | XOM: harmless Tloc miscast
   232 | D:1      | Reached XP level 2. HP: 26/26 MP: 2/2
   367 | D:1      | Reached XP level 3. HP: 20/33 MP: 3/3
   943 | D:1      | XOM: divination: magic mapping
   979 | D:2      | Found a hide-covered altar of Uskayaw.
  1022 | D:2      | XOM: cloud trail
  1279 | D:2      | XOM: god gift: ration
  1379 | D:2      | Found a deep blue altar of Sif Muna.
  1379 | D:2      | Found a bloodstained altar of Trog.
  1380 | D:2      | Found a shattered altar of Ashenzari.
  1395 | D:2      | XOM: mild Erth miscast
  1397 | D:2      | XOM: harmless Chrm miscast
  1432 | D:2      | XOM: mild Necr miscast
  1594 | D:2      | XOM: mild Erth miscast
  1624 | D:2      | Found an ornate altar of the Wu Jian Council.
  1704 | D:2      | Reached XP level 4. HP: 40/41 MP: 4/4
  1766 | D:2      | Found a sacrificial altar of Ru.
  2081 | D:2      | Reached skill level 5 in Fighting
  2299 | D:3      | XOM is BORED!
  2299 | D:3      | XOM: give mutations
  2299 | D:3      | Gained mutation: You are dopey. (Int -2) [Xom's mischief]
  2299 | D:3      | Gained mutation: You are partially covered in yellow scales. (AC +2) [Xom's mischief]
  2363 | D:3      | XOM: give mutation
  2363 | D:3      | Gained mutation: You are robust. (+10% HP) [Xom's grace]
  2367 | D:3      | Found a burning altar of Makhleb.
  2369 | D:3      | Noticed a blizzard demon
  2375 | D:3      | Noticed a ynoxinul
  2375 | D:3      | Noticed a neqoxec
  2421 | D:3      | XOM: give mutations
  2421 | D:3      | Gained mutation: Your muscles are strong. (Str +2) [Xom's grace]
  2421 | D:3      | Gained mutation: You are very robust. (+20% HP) [Xom's grace]
  2421 | D:3      | Gained mutation: You are partially covered in thin metallic scales. (AC +2) [Xom's grace]
  2421 | D:3      | Gained mutation: You possess an exceptional clarity of mind. [Xom's grace]
  2477 | D:3      | XOM: give mutations
  2477 | D:3      | Gained mutation: Your flesh is cold resistant. (rC+) [Xom's grace]
  2477 | D:3      | Gained mutation: Your flesh is very cold resistant. (rC++) [Xom's grace]
  2477 | D:3      | Gained mutation: Your muscles are very strong. (Str +4) [Xom's grace]
  2504 | D:3      | Reached XP level 5. HP: 57/57 MP: 5/5
  2559 | D:3      | Noticed a centaur
  2566 | D:3      | Killed a centaur
  2643 | D:3      | XOM: scenery: create altars
  2828 | D:3      | Reached skill level 1 in Bows
  3120 | D:4      | Found a staircase to the Ecumenical Temple.
  3156 | D:4      | XOM: scenery: create altars
  3167 | D:4      | Reached XP level 6. HP: 69/69 MP: 6/6
  3181 | D:4      | Reached skill level 2 in Bows
  3318 | D:4      | XOM: god gift: heavily runed chain mail {god gift}
  3321 | D:4      | Got a heavily runed chain mail {god gift}
  3332 | D:4      | Identified the +7 chain mail "Dabaung" {Int+2 SInv} (Xom gifted it to you on level 4 of the Dungeon)
  3335 | D:4      | Thanks daddy!
  3547 | D:4      | Reached skill level 3 in Bows
  3834 | D:5      | Entered Level 5 of the Dungeon
  3839 | D:5      | Noticed Dowan
  3840 | D:5      | XOM: cleaving
  3844 | D:5      | Noticed Duvessa
  3846 | D:5      | Noticed Duvessa
  3846 | D:5      | Duvessa changed into Duvessa the worker ant
  3846 | D:5      | XOM: polymorph Duvessa -> Duvessa the worker ant
  3847 | D:5      | Killed Dowan
  3857 | D:5      | Killed Duvessa the worker ant
  3872 | D:5      | Reached skill level 4 in Bows
  3872 | D:5      | Reached XP level 7. HP: 63/79 MP: 7/7
  4304 | D:5      | Reached skill level 5 in Bows
  4594 | D:6      | Got a brightly glowing garnet amulet
  4667 | D:6      | Noticed Pikel
  4674 | D:6      | XOM: enchant monster (good)
  4679 | D:6      | XOM: destruction
  4682 | D:6      | XOM: fake destruction
  4690 | D:6      | XOM: summons 5 friendly demons
  4694 | D:6      | Killed Pikel
  4694 | D:6      | Reached skill level 6 in Bows
  4694 | D:6      | Reached XP level 8. HP: 58/88 MP: 8/8
  4750 | D:6      | Reached skill level 7 in Bows
  5029 | D:6      | XOM: divination: detect items
  5295 | D:6      | XOM: smoke on damage
  5374 | D:6      | Found Wusm's Book Boutique.
  5393 | D:6      | Identified the amulet of Lomuwok {Reflect Fragile rN+++ Str+4 SH+3} (You found it on level 6 of the Dungeon)
  5517 | D:6      | XOM: god gift: 54 gold pieces
  5697 | D:7      | Reached skill level 8 in Bows
  5751 | D:7      | Found an iron altar of Okawaru.
  5800 | D:7      | XOM: polymorph ogre -> boggart
  5922 | D:7      | Noticed a hippogriff
  5938 | D:7      | Killed a hippogriff
  5944 | D:7      | XOM: smoke on damage
  5947 | D:7      | Reached skill level 9 in Bows
  6162 | D:7      | Noticed a cyan ugly thing
  6174 | D:7      | XOM: cast spell 'Necromutation'
  6270 | D:7      | XOM: enchant monster (good)
  6290 | D:7      | XOM: scenery: create altars
  6294 | D:7      | XOM: enchant monster (good)
  6305 | D:7      | Killed a cyan ugly thing
  6305 | D:7      | Reached XP level 9. HP: 54/102 MP: 9/9
  6426 | D:7      | XOM: god gift: 21 stones
  6531 | D:7      | XOM: summons 2 friendly demons
  6545 | D:7      | Reached skill level 10 in Fighting
  6545 | D:7      | Reached skill level 10 in Bows
  6672 | D:7      | XOM: 7-stop teleportation journey
  6673 | D:7      | Noticed a troll
  6679 | D:7      | XOM: noise
  6700 | D:7      | Noticed an orc knight
  6710 | D:7      | Killed an orc knight
  6712 | D:7      | Reached skill level 11 in Bows
  6724 | D:7      | Noticed an orc sorcerer
  6727 | D:7      | Noticed an ice devil
  6746 | D:7      | Noticed an ice devil
  6749 | D:7      | Killed an orc sorcerer
  6757 | D:7      | Reached XP level 10. HP: 61/114 MP: 10/10
  6804 | D:7      | XOM: god gift: runed fustibalus {god gift}
  7110 | D:7      | XOM: cast spell 'Death Channel'
  7114 | D:7      | XOM: polymorph warg -> wyvern
  7121 | D:7      | Reached skill level 12 in Bows
  7456 | D:7      | XOM: mild Summ miscast
  7525 | D:7      | Noticed an orc knight
  7527 | D:7      | XOM: chaos cloud
  7536 | D:7      | XOM: blink monster(s)
  7541 | D:7      | XOM: noise
  7548 | D:7      | XOM: summons friendly ufetubus
  7556 | D:7      | XOM: noise
  7562 | D:7      | You fall through a shaft!
  7572 | D:8      | XOM: chaos upgrade
  7592 | D:8      | XOM: 1-stop teleportation journey
  7604 | D:8      | XOM: smoke on damage
  7607 | D:8      | XOM: medium Chrm miscast
  7615 | D:8      | XOM: confuse monster(s)
  7774 | D:8      | Found a staircase to the Lair.
  7888 | D:8      | Reached skill level 13 in Bows
  7945 | D:8      | Found a radiant altar of Vehumet.
  8010 | D:8      | XOM: divination: detect items
  8022 | D:8      | XOM: polymorph centaur -> worm
  8068 | D:8      | XOM: scenery: create altars
  8150 | D:8      | XOM: polymorph orc wizard -> hound
  8170 | D:8      | Found a glowing golden altar of the Shining One.
  8209 | D:8      | XOM: confuse monster(s)
  8325 | D:8      | Found a stormy altar of Qazlal.
  8332 | D:8      | Found a blossoming altar of Fedhas.
  8621 | D:7      | Killed an orc knight
  8719 | D:7      | XOM: give mutation
  8719 | D:7      | Lost mutation: You are dopey. (Int -2) [Xom's mischief]
  8862 | D:9      | XOM: divination: detect creatures
  8872 | D:9      | Noticed a sun demon
  8875 | D:9      | Noticed an orange demon
  8916 | D:9      | Reached skill level 14 in Bows
  8932 | D:9      | Reached XP level 11. HP: 89/126 MP: 11/11
  9079 | D:9      | Reached skill level 1 in Dodging
  9135 | D:9      | XOM: god gift: scroll labeled DUZETI NALEM {god gift}
  9313 | D:9      | Found a snail-covered altar of Cheibriados.
  9653 | D:9      | Found a staircase to the Orcish Mines.
  9864 | D:10     | Entered Level 10 of the Dungeon
  9877 | D:10     | XOM: destruction
  9906 | D:10     | XOM: polymorph hound -> iguana
 10111 | D:10     | XOM: enchant monster (good)
 10170 | D:10     | Noticed a two-headed ogre
 10171 | D:10     | XOM: 7-stop teleportation journey
 10253 | D:10     | XOM: enchant monster (good)
 10316 | D:10     | XOM: give mutation
 10316 | D:10     | Gained mutation: You expend magic power (3 MP) to strengthen your wands. [Xom's grace]
 10569 | D:10     | XOM: polymorph orc -> quokka
 10588 | D:10     | XOM: summons 11 friendly demons
 10597 | D:10     | Killed a two-headed ogre
 10666 | D:10     | XOM: noise
 10675 | D:10     | XOM: confuse monster(s)
 10691 | D:10     | XOM: cast spell 'Olgreb's Toxic Radiance'
 10899 | D:10     | Paralysed by a hornet for 1 turns
 10906 | D:10     | Paralysed by a hornet for 2 turns
 10910 | D:10     | Paralysed by a hornet for 3 turns
 10914 | D:10     | XOM: fake destruction
 11398 | Lair:1   | Entered Level 1 of the Lair of Beasts
 12153 | Lair:1   | XOM: god gift: fine centaur barding {god gift}
 12154 | Lair:1   | Got a fine centaur barding {god gift}
 12162 | Lair:1   | Identified the +4 centaur barding of Ibbeppus {Slay+4} (Xom gifted it to you on level 1 of the Lair of Beasts)
 12162 | Lair:1   | thanks daddy
 12202 | Lair:1   | XOM: scenery: create altars
 12432 | Lair:1   | XOM: god gift: sack of spiders
 12434 | Lair:1   | XOM: give mutations
 12434 | Lair:1   | Gained mutation: You can translocate small distances at will. [Xom's grace]
 12434 | Lair:1   | Gained mutation: You are partially covered in large bone plates. (SH +4) [Xom's grace]
 12500 | Lair:2   | XOM: scenery: create altars
 12514 | Lair:2   | Reached XP level 12. HP: 127/138 MP: 12/12
 12595 | Lair:2   | XOM: harmless Air miscast
 12615 | Lair:2   | XOM: mild Tloc miscast
 12620 | Lair:2   | XOM: noise
 12623 | Lair:2   | XOM: blink monster(s)
 12634 | Lair:2   | XOM: divination: detect creatures
 12652 | Lair:2   | Reached XP level 13. HP: 127/147 MP: 13/13
 12707 | Lair:2   | XOM: medium Erth miscast
 12853 | Lair:2   | XOM: 2-stop teleportation journey
 12859 | Lair:2   | Reached skill level 5 in Armour
 12960 | Lair:2   | XOM: 1-stop teleportation journey
 12966 | Lair:2   | Found a staircase to the Swamp.
 12995 | Lair:2   | XOM: 1-stop teleportation journey
 13080 | Lair:2   | XOM: god gift: potion of heal wounds
 13184 | Lair:2   | XOM: summons 6 hostile demons
 13719 | Lair:3   | Found a staircase to the Snake Pit.
 13780 | Lair:2   | XOM: medium Ice miscast
 13927 | Lair:3   | XOM: god gift: 3 rations
 13967 | Lair:3   | XOM: cloud trail
 14061 | Lair:3   | XOM: mild Necr miscast
 14312 | Lair:3   | XOM: 1-stop teleportation journey
 14689 | Lair:3   | XOM: give mutations
 14689 | Lair:3   | Lost mutation: You are very robust. (+20% HP) [Xom's mischief]
 14689 | Lair:3   | Lost mutation: You are robust. (+10% HP) [Xom's mischief]
 14702 | Lair:3   | XOM: mild Hex miscast
 14711 | Lair:3   | XOM: enchant monster (bad)
 14854 | Lair:3   | XOM: medium Necr miscast
 14857 | Lair:3   | XOM: harmless Necr miscast
 14859 | Lair:3   | XOM: enchant monster (bad)
 14886 | Lair:3   | XOM: confuse monster(s)
 15089 | Lair:4   | Noticed Snorg
 15102 | Lair:4   | XOM: harmless Chrm miscast
 15125 | Lair:4   | XOM: enchant monster (bad)
 15132 | Lair:4   | Killed Snorg
 15233 | Lair:4   | Found a runed door.
 15267 | Lair:4   | XOM: god gift: eveningstar {god gift}
 15450 | Lair:4   | XOM: give mutations
 15450 | Lair:4   | Lost mutation: You possess an exceptional clarity of mind. [Xom's mischief]
 15450 | Lair:4   | Gained mutation: You have a pair of small horns on your head. [Xom's mischief]
 15450 | Lair:4   | Lost mutation: Your muscles are very strong. (Str +4) [Xom's mischief]
 15543 | Lair:4   | XOM: fog
 15751 | Lair:4   | XOM: mild Erth miscast
 15991 | Lair:4   | XOM: divination: detect creatures
 16092 | Lair:4   | XOM: divination: magic mapping
 16506 | Lair:5   | Found a staircase to the Slime Pits.
 16506 | Lair:5   | Found a viscous altar of Jiyva.
 16530 | Lair:5   | XOM: harmless Air miscast
 16539 | Lair:5   | XOM: potion effect (might)
 16548 | Lair:5   | XOM: divination: detect creatures
 16551 | Lair:5   | XOM: divination: magic mapping
 16560 | Lair:5   | XOM: harmless Erth miscast
 16821 | Lair:5   | XOM: divination: detect items
 17034 | Lair:6   | XOM: stealth player
 17034 | Lair:6   | Entered Level 6 of the Lair of Beasts
 17034 | Lair:6   | XOM: divination: detect items
 17232 | Lair:6   | Noticed Josephine
 17247 | Lair:5   | XOM: potion effect (agility)
 17319 | Lair:5   | Noticed a ghost moth
 17319 | Lair:5   | a death yak changed into a ghost moth
 17333 | Lair:5   | Killed a ghost moth
 17429 | Lair:5   | XOM: mild Chrm miscast
 17468 | Lair:6   | XOM: potion effect (might)
 17469 | Lair:6   | XOM: potion effect (heal wounds)
 17471 | Lair:6   | XOM: potion effect (might)
 17855 | Lair:6   | XOM: 1-stop teleportation journey
 17868 | Lair:6   | Reached XP level 14. HP: 111/133 MP: 14/14
 17926 | Lair:6   | Killed Josephine
 17926 | Lair:6   | Reached skill level 15 in Fighting
 17936 | Lair:6   | Learned a level 2 spell: Passwall
 17974 | Lair:6   | XOM: divination: detect items
 18022 | Lair:6   | XOM: potion effect (might)
 18024 | Lair:6   | XOM: harmless Hex miscast
 18032 | Lair:6   | XOM: chaos cloud
 18050 | Lair:6   | XOM: confusion
 18124 | Lair:6   | XOM: summons friendly crimson imp
 18135 | Lair:6   | XOM: destruction
 18138 | Lair:6   | XOM: cleaving
 18142 | Lair:6   | XOM: summons friendly white imp
 18144 | Lair:6   | XOM: destruction
 18156 | Lair:6   | XOM: harmless Necr miscast
 18161 | Lair:6   | XOM: potion effect (haste)
 18201 | Lair:6   | XOM: divination: detect items
 18222 | Lair:6   | XOM: silly message
 18301 | Lair:6   | XOM: potion effect (invisibility)
 18611 | Lair:6   | XOM: potion effect (haste)
 18613 | Lair:6   | XOM: harmless Air miscast
 18618 | Lair:6   | Noticed a storm dragon
 18618 | Lair:6   | a catoblepas changed into a storm dragon
 18618 | Lair:6   | XOM: polymorph catoblepas -> storm dragon
 18619 | Lair:6   | a storm dragon changed into a queen ant
 18626 | Lair:6   | XOM: silly message
 18897 | Lair:6   | XOM: give mutation
 18897 | Lair:6   | Lost mutation: Your muscles are strong. (Str +2) [Xom's mischief]
 18980 | Lair:6   | Got a coiled bronze ring
 18981 | Lair:6   | Identified the ring of Amust {rC+ MR+ Int+2} (You found it on level 6 of the Lair of Beasts)
 19013 | Lair:6   | XOM: swap monsters
 19024 | Lair:6   | Reached skill level 10 in Dodging
 19038 | Lair:6   | XOM: noise
 19269 | Lair:6   | Found a runed gate.
 19269 | Lair:6   | Found a runed gate.
 19270 | Lair:6   | Found a runed gate.
 19276 | Lair:6   | Noticed Verendum's ghost (journeyman GnWn)
 19412 | Lair:6   | Learned a level 1 spell: Apportation
 19414 | Lair:6   | Learned a level 1 spell: Summon Butterflies
 19416 | Lair:6   | Identified 3 scrolls of acquirement
 19419 | Lair:6   | Got a bloodstained longbow
 19420 | Lair:6   | Identified the +1 longbow of Nazuk {speed, MR+ Str+3 Int+4 SInv} (You acquired it on level 6 of the Lair of Beasts)
 19425 | Lair:6   | XOM: god gift: scroll of fear
 19727 | Orc:1    | Entered Level 1 of the Orcish Mines
 19950 | Orc:2    | Entered Level 2 of the Orcish Mines
 20040 | Orc:2    | Found a staircase to the Elven Halls.
 20063 | Orc:2    | Found Meriyng's Antique Armour Boutique.
 20134 | Orc:2    | XOM: scenery: create altars
 20179 | Orc:2    | Noticed Erolcha
 20184 | Orc:2    | XOM: enchant monster (good)
 20185 | Orc:2    | Killed Erolcha
 20274 | Orc:2    | Noticed Rupert
 20290 | Orc:2    | XOM: fog
 20305 | Orc:2    | XOM: enchant monster (bad)
 20325 | Orc:2    | Killed Rupert
 20408 | Orc:2    | XOM: enchant monster (good)
 20660 | Orc:2    | XOM: medium Tmut miscast
 20730 | Orc:2    | XOM: stat loss: -1 Int (22/23)
 20732 | Orc:2    | XOM: summons friendly white imp
 21421 | Orc:1    | Found Xieng's Antique Armour Emporium.
 21939 | Orc:2    | XOM: harmless Hex miscast
 21989 | Orc:2    | Found Ruhir's Distillery.
 21998 | Orc:2    | Found Orghigya's Distillery.
 22032 | Orc:2    | Bought a potion of heal wounds for 70 gold pieces
 22032 | Orc:2    | Bought a potion of heal wounds for 70 gold pieces
 22032 | Orc:2    | Bought a potion of curing for 42 gold pieces
 22098 | Orc:2    | XOM: divine lightning
 22100 | Orc:2    | XOM: summons friendly shadow imp
 22107 | Orc:2    | XOM: scenery: create altars
 22127 | Orc:2    | XOM: enchant monster (good)
 22232 | Orc:2    | Reached XP level 15. HP: 124/144 MP: 15/15
 22457 | Orc:2    | Found Zakak's Gadget Emporium.
 22457 | Orc:2    | Found Yqofefie's Antique Weapon Shoppe.
 22457 | Orc:2    | Found a one-way gate leading to the halls of Pandemonium.
 22563 | Orc:1    | XOM: harmless Tmut miscast
 22666 | Orc:1    | Bought a pair of embroidered gloves for 217 gold pieces
 22676 | Orc:1    | Bought a pair of embroidered gloves for 217 gold pieces
 22843 | D:11     | Reached skill level 15 in Bows
 22858 | D:11     | XOM: enchant monster (bad)
 23299 | D:11     | XOM: god gift: scroll of vulnerability
 23350 | D:11     | XOM: mild Tloc miscast
 23367 | D:11     | XOM: divination: detect creatures
 23370 | D:11     | Found Ahuu's Assorted Antiques.
 23372 | D:11     | XOM: enchant monster (bad)
 23374 | D:11     | XOM: confuse monster(s)
 23604 | D:11     | Bought a metal-bound book for 360 gold pieces
 23609 | D:11     | Learned a level 3 spell: Regeneration
 23612 | D:11     | Learned a level 2 spell: Song of Slaying
 23713 | D:12     | Reached skill level 1 in Charms
 23759 | D:12     | Found a flagged portal.
 23769 | Bailey   | Entered a bailey
 23811 | Bailey   | XOM: noise
 23871 | Bailey   | Noticed an orc warlord
 23881 | Bailey   | XOM: potion effect (haste)
 23884 | Bailey   | Killed an orc warlord
 23899 | Bailey   | XOM: divination: magic mapping
 24007 | Bailey   | Reached skill level 5 in Charms
 24007 | Bailey   | Reached XP level 16. HP: 129/151 MP: 16/16
 24008 | Bailey   | Reached XP level 17. HP: 136/158 MP: 16/23
 24098 | Bailey   | XOM: mild Necr miscast
 24343 | D:12     | XOM: god gift: 22 stones
 24359 | D:12     | XOM: cast spell 'Shadow Creatures'
 24487 | D:12     | Noticed Nessos
 24493 | D:12     | Killed Nessos
 24549 | D:12     | Found a basalt altar of Yredelemnul.
 25138 | D:13     | Reached skill level 16 in Bows
 25199 | D:13     | Noticed Frances
 25208 | D:13     | Killed Frances
 25275 | D:13     | Found Zixy's Armour Shoppe.
 25339 | D:13     | Found a gate to the Vaults.
 25462 | D:13     | XOM: silly message
 25652 | D:14     | XOM: confusion
 26108 | D:14     | Reached skill level 1 in Necromancy
 26119 | D:14     | XOM: blink monster(s)
 26121 | D:14     | XOM: swap monsters
 26323 | D:14     | XOM: 2-stop teleportation journey
 26462 | D:15     | Entered Level 15 of the Dungeon
 26468 | D:15     | XOM: summons friendly crimson imp
 26487 | D:15     | Found a staircase to the Depths.
 26553 | D:15     | XOM: swap monsters
 26695 | D:15     | XOM: mild Fire miscast
 26817 | D:15     | XOM: mild Pois miscast
 26829 | D:15     | XOM: give mutations
 26829 | D:15     | Gained mutation: You are clumsy. (Dex -2) [Xom's mischief]
 26829 | D:15     | Lost mutation: You are clumsy. (Dex -2) [Xom's mischief]
 26891 | D:15     | XOM: mild Necr miscast
 27051 | D:15     | XOM: smoke on damage
 27052 | D:15     | XOM: harmless Air miscast
 27190 | D:15     | XOM: 1-stop teleportation journey
 27248 | D:15     | XOM: polymorph sky beast -> acid dragon
 27324 | D:15     | XOM: mild Chrm miscast
 27379 | D:15     | XOM: summons 6 hostile demons
 27671 | D:15     | XOM: harmless Hex miscast
 27785 | D:9      | XOM: give mutations
 27785 | D:9      | Gained mutation: Scrolls take you a little longer to read. [Xom's mischief]
 27785 | D:9      | Gained mutation: You are dopey. (Int -2) [Xom's mischief]
 27785 | D:9      | Lost mutation: You have a pair of small horns on your head. [Xom's mischief]
 27948 | Swamp:1  | Entered Level 1 of the Swamp
 28066 | Lair:2   | XOM: medium Necr miscast
 28090 | Swamp:1  | XOM: give mutations
 28090 | Swamp:1  | Gained mutation: You are weak. (Str -2) [Xom's mischief]
 28090 | Swamp:1  | Gained mutation: You are frail. (-10% HP) [Xom's mischief]
 28090 | Swamp:1  | Gained mutation: You are resistant to electric shocks. (rElec) [Xom's mischief]
 28090 | Swamp:1  | Lost mutation: You are frail. (-10% HP) [Xom's mischief]
 28105 | Swamp:1  | XOM: 2-stop teleportation journey
 28119 | Swamp:1  | Reached skill level 17 in Bows
 28195 | Swamp:1  | XOM: 2-stop teleportation journey
 28198 | Swamp:1  | XOM: polymorph alligator -> fire dragon
 28214 | Swamp:1  | XOM: swap monsters
 28229 | Swamp:1  | XOM: harmless Necr miscast
 28234 | Swamp:1  | XOM: medium Summ miscast
 28235 | Swamp:1  | XOM: confusion (+ monsters)
 28263 | Swamp:1  | XOM: summons friendly quasit
 28314 | Lair:2   | XOM: give mutation
 28314 | Lair:2   | Gained mutation: You have a pair of small antennae on your head. [Xom's grace]
 28626 | Swamp:1  | XOM: divine lightning
 28696 | Swamp:1  | HP: 6/158 [alligator (33)]
 28696 | Swamp:1  | Annihilated by an alligator

Vault maps used:
D:1:      lemuel_arrival_muddy
D:2:      nicolae_overflow_quartered_altars, lemuel_doored_altar,
          lemuel_round_altar
D:3:      minmay_diamond_boxcup, makhleb_altar_promises_db
D:4:      minmay_temple_entry_grid, first_ration, serial_corexii_hall,
          corexii_hall_statues_x, corexii_hall_statues_deadend,
          grunt_ministairs_11
D:5:      uniq_duvessa
D:6:      serial_shops, shop, water_boxes_lemuel, uniq_pikel
D:7:      lemuel_castle_with_subvaults, overflow_temple_1_default,
          minmay_three_doors
D:8:      grunt_temple_overflow_forces_of_nature, old_standard_altar,
          nicolae_overflow_crystal_walls, erik_lair_dragon,
          minmay_misc_feat_columns
D:9:      old_standard_altar, serial_glass, glass_columns_b, glass_columns_b,
          item_on_display_a, feat_on_display, feat_on_display,
          due_unseen_surprise
D:10:     hangedman_pestilent_swarm
D:11:     serial_shops, nicolae_shop_window_shopping
D:12:     enter_bailey_3, basic_altar, kb_lookout_dungeons_type,
          lemuel_flamethrower_2, uniq_nessos
D:13:     erik_vaults_1, serial_shops, shop, uniq_frances
D:15:     grunt_enter_depths_hoard, nicolae_two_hexagons
Lair:2:   minmay_swamp_entry_worms, serial_bayou, serial_bayou_crossing,
          serial_bayou_ford_a, serial_bayou_lake_a
Lair:3:   guppyfry_snake_entry_island, grunt_forest_large_clearing_hut,
          infiniplex_staircase_pool
Lair:4:   pf_torpor_hydra, uniq_snorg
Lair:5:   slime_altar_1
Lair:6:   grunt_lair_end_beastmaster, portal_ice_cave_entry_animals_and_master,
          ebering_ghost_rock_garden, st_stairs_13, serial_bayou_pond_b,
          lemuel_fruit_fields, uniq_josephine
Swamp:1:  evilmike_swamp_ruin_house_1, swamp_pool5
Orc:1:    serial_shops, shop
Orc:2:    pf_orc_diabolical, serial_shops, shop, uniq_rupert, uniq_erolcha
Bailey:   bailey_axe_minmay_hex_keep, bailey

Skill      XL: |  1  2  3  4  5  6  7  8  9 10 11 12 13 14 15 16 17 |
---------------+----------------------------------------------------+-----
Fighting       | 4 5 6 7 8 9 11 12 13 14 16 | 16.2
Bows           | 1 4 6 9 11 14 15 17 | 17.1
Dodging        | 7 9 10 | 10.7
Armour         | 4 7 8 9 |  9.1
Charms         | 5 8 |  8.2
Spellcasting   | 4 |  4.2
Necromancy     | 3 |  3.9
Polearms       | |  2.8

Action                   |  1- 3 |  4- 6 |  7- 9 | 10-12 | 13-15 | 16-18 || total
-------------------------+-------+-------+-------+-------+-------+-------++-------
Melee: Spear             |   108 |   168 |   289 |   750 |  1210 |   511 ||  3036
       Kick              |    10 |    47 |    96 |   279 |   530 |   190 ||  1152
       Headbutt          |       |       |       |       |   226 |   114 ||   340
 Fire: Shortbow          |       |       |     6 |     3 |    50 |       ||    59
       Longbow           |       |       |       |       |   260 |    85 ||   345
 Cast: Regeneration      |       |       |       |       |       |    10 ||    10
       Song of Slaying   |       |       |       |       |       |     3 ||     3
Evoke: Lightning rod     |       |       |     4 |     6 |    13 |     6 ||    29
       Wand              |       |       |       |     4 |       |    10 ||    14
       Phial of floods   |       |       |       |       |     1 |     2 ||     3
       Lamp of fire      |       |       |       |       |     1 |     1 ||     2
       Fan of gales      |       |       |       |       |       |     1 ||     1
  Use: Scroll            |       |    11 |     6 |     5 |    11 |     5 ||    38
       Potion            |       |       |     2 |     3 |     2 |     8 ||    15
 Stab: Petrified         |       |    12 |     9 |     2 |    23 |       ||    46
       Confused          |       |     1 |     1 |     6 |     3 |     4 ||    15
       Paralysed         |       |       |    11 |     9 |    12 |     1 ||    33
       Petrifying        |       |       |     1 |     3 |     4 |       ||     8
       Invisible         |       |       |       |       |     4 |       ||     4
       Sleeping          |       |       |       |       |       |     1 ||     1
  Eat: Chunk             |     1 |     6 |     7 |    14 |    28 |    10 ||    66
       Ration            |       |       |       |     1 |     1 |     2 ||     4
Armor: Leather armour    |    32 |    35 |       |       |       |       ||    67
       Chain mail        |       |    21 |   107 |   347 |   703 |   383 ||  1561
Dodge: Dodged            |    18 |    41 |    30 |   157 |   455 |   235 ||   936
       Deflected         |       |       |       |       |    10 |    26 ||    36
Block: Other             |       |       |     6 |    70 |   352 |   185 ||   613
       Reflection        |       |       |       |     1 |     5 |    12 ||    18

Table legend:
 A = Spawn XP
 B = Non-spawn XP
 C = Spawn XP percentage of total XP
 D = Spawn monster count
 E = Non-spawn monster count
 F = Spawn count percentage of total count
 G = Total turns spent on level
                    A         B        C        D         E        F      G
               +---------+---------+-------+---------+---------+-------+---------
         Total |       0 |  149399 |   0.0 |       0 |     895 |   0.0 | 28696
               +---------+---------+-------+---------+---------+-------+---------
           D:1 |       0 |      58 |   0.0 |       0 |      25 |   0.0 |   960
           D:2 |       0 |      88 |   0.0 |       0 |      21 |   0.0 |  1297
           D:3 |       0 |     215 |   0.0 |       0 |      24 |   0.0 |   820
           D:4 |       0 |     219 |   0.0 |       0 |      14 |   0.0 |   757
           D:5 |       0 |     450 |   0.0 |       0 |      13 |   0.0 |   738
           D:6 |       0 |     990 |   0.0 |       0 |      20 |   0.0 |  1076
           D:7 |       0 |    5764 |   0.0 |       0 |      84 |   0.0 |  2152
           D:8 |       0 |    2744 |   0.0 |       0 |      43 |   0.0 |  1327
           D:9 |       0 |    2188 |   0.0 |       0 |      43 |   0.0 |  1264
          D:10 |       0 |    4724 |   0.0 |       0 |      35 |   0.0 |  1281
          D:11 |       0 |    7884 |   0.0 |       0 |      48 |   0.0 |   849
          D:12 |       0 |    8351 |   0.0 |       0 |      40 |   0.0 |   977
          D:13 |       0 |    7046 |   0.0 |       0 |      18 |   0.0 |   643
          D:14 |       0 |    5054 |   0.0 |       0 |      31 |   0.0 |   854
          D:15 |       0 |   15043 |   0.0 |       0 |      45 |   0.0 |  1243
        Lair:1 |       0 |    3276 |   0.0 |       0 |      20 |   0.0 |  1178
        Lair:2 |       0 |    5012 |   0.0 |       0 |      23 |   0.0 |  1774
        Lair:3 |       0 |    7035 |   0.0 |       0 |      19 |   0.0 |  1223
        Lair:4 |       0 |    5767 |   0.0 |       0 |      20 |   0.0 |  1345
        Lair:5 |       0 |    8923 |   0.0 |       0 |      29 |   0.0 |  1501
        Lair:6 |       0 |   22351 |   0.0 |       0 |      66 |   0.0 |  1720
       Swamp:1 |       0 |    6141 |   0.0 |       0 |      18 |   0.0 |   301
         Orc:1 |       0 |     802 |   0.0 |       0 |      25 |   0.0 |   658
         Orc:2 |       0 |   24538 |   0.0 |       0 |     102 |   0.0 |  2397
        Bailey |       0 |    4736 |   0.0 |       0 |      69 |   0.0 |   361
               +---------+---------+-------+---------+---------+-------+---------
